 Dungeon Crawl Stone Soup version 0.28.0-47-ge53b351184 (webtiles) character file.

Game seed: 14107636999558329410

1647 hawla the Geomancer (level 8, -1/48 HPs)
             Began as a Felid Earth Elementalist on May 9, 2022.
             Was a Follower of Vehumet.
             Slain by an orc knight
             ... wielding a +0 war axe
              (17 damage)
             ... in a bailey.
             The game lasted 00:23:25 (9801 turns).

hawla the Geomancer (Felid Earth Elementalist)      Turns: 9801, Time: 00:23:26

Health: -1/48      AC: 24    Str:  4    XL:     8   Next: 67%
Magic:  1/19       EV:  4    Int: 21    God:    Vehumet [*.....]
Gold:   307        SH:  0    Dex: 16    Spells: 16/20 levels left
                                        Lives:  0   Deaths: 2

rFire   . . .      SeeInvis +     - Unarmed
rCold   . . .      Faith    .   (shield unavailable)
rNeg    . . .      Spirit   .   (armour unavailable)
rPois   +          Reflect  .   (helmet unavailable)
rElec   .          Harm     .   (cloak unavailable)
rCorr   .          Rampage  .   (gloves unavailable)
Will    ++...      NoTele   +   (boots unavailable)
Stlth   +++.......              (no amulet)
HPRegen 0.16/turn               i - ring of poison resistance
MPRegen 0.16/turn               (no ring)

@: tree-form
A: stationary, stasis, torment immunity, boosted hp, very small, (claws 1),
(fangs 3), see invisible, (speed 1), (shaggy fur 2), (stealthy paws), no weapons
or thrown items, no armour, multi-lived, (horns 1), (iridescent scales 1),
strong-willed 1
a: Renounce Religion


You were in a bailey.
You worshipped Vehumet.
Vehumet was aware of your devotion.
You were a tree.
You visited 2 branches of the dungeon, and saw 9 of its levels.
You also visited: Bailey.

You collected 307 gold pieces.

Inventory:

Missiles
 b - 133 stones
Jewellery
 i - a ring of poison resistance (left branch)
Potions
 a - a potion of cancellation
 c - a potion of lignification
 g - a potion of heal wounds
 h - 3 potions of curing {unknown}
 j - a potion of might
 k - a potion of resistance


   Skills:
 + Level 1.1 Fighting
 + Level 4.5 Dodging
 + Level 4.3 Stealth
 + Level 3.1 Unarmed Combat
 + Level 6.8 Spellcasting
 + Level 4.5 Conjurations
 + Level 1.1 Transmutations
 + Level 8.7 Earth Magic
 + Level 1.5 Evocations


You had 16 spell levels left.
You knew the following spells:

 Your Spells              Type           Power      Damage    Failure   Level
a - Sandblast             Erth           86%        2d18      1%          1
b - Stone Arrow           Conj/Erth      70%        3d11      1%          3

Your spell library contained the following spells:

 Spells                   Type           Power      Damage    Failure   Level
 Shock                    Conj/Air       64%        1d7       3%          1
 Passwall                 Tmut/Erth      22%        N/A       1%          2
 Petrify                  Tmut/Erth      27%        N/A       12%         4
 Frozen Ramparts          Ice            14%        1d3       26%         3
 Ice Form                 Ice/Tmut       9%         N/A       56%         4
 Summon Ice Beast         Ice/Summ       7%         N/A       65%         4
 Summon Mana Viper        Hex/Summ       7%         N/A       94%         5
 Monstrous Menagerie      Summ           3%         N/A       100%        7
 Borgnjor's Revivificati  Necr           3%         N/A       100%        8
 Necromutation            Tmut/Necr      4%         N/A       100%        8
 Death's Door             Necr           3%         N/A       100%        9


Dungeon Overview and Level Annotations

Branches:
Dungeon (10/15)            Temple (1/1) D:7          Bailey (1/1)
   Lair: D:8-11         Orc: D:9-12

Altars:
Ashenzari
Cheibriados
Dithmenos
Elyvilon
Fedhas
Gozag
Hepliaklqana
Kikubaaqudgha
Makhleb
Nemelex Xobeh
Okawaru
Qazlal
Ru
Sif Muna
Trog
Uskayaw
Vehumet
Wu Jian
Xom
Yredelemnul
Zin
The Shining One

Shops:
D:1 (   D:3 [*?

Annotations:
D:3 Sigmund
D:5 2 runed translucent doors


Innate Abilities, Weirdness & Mutations

You are a tree.
Your roots penetrate the ground, keeping you stationary.
You cannot be teleported.
You are immune to unholy pain and torment.
Your maximum health is greatly increased.
((You have sharp claws.))
((You have razor-sharp teeth.))
You have supernaturally acute eyesight. (SInv)
((You cover ground quickly. (Speed+)))
((You are covered in thick fur. (AC +2)))
((Your paws help you pounce on unaware monsters.))
You are incapable of wielding weapons or throwing items.
You cannot wear armour.
You gain extra lives every three experience levels.
((You have a pair of small horns on your head.))
((You are partially covered in iridescent scales. (AC +2)))
You are strong-willed. (Will+)


Message History

Aim: an orc knight, wielding a +0 war axe and wearing a +0 scale mail (severely wounded, 67% to hit)
The stone arrow misses the orc knight.
Casting: Stone Arrow (safe; 1% risk of failure)
Confirm with . or Enter, or press ? or * to list all spells.
Aiming: Stone Arrow (safe; 1% risk of failure)
Press: ? - help, Shift-Dir - straight line, f/p - orc knight
Aim: an orc knight, wielding a +0 war axe and wearing a +0 scale mail (severely wounded, 67% to hit)
The stone arrow hits the orc knight.
The orc knight is severely wounded.
The orc knight hits you with a +0 war axe!
* * * LOW HITPOINT WARNING * * *
Items here: ))) [[[ ÷.
It was a potion of heal wounds.
You feel much better.
You closely miss the orc knight.
You bite the orc knight, but do no damage.
The orc knight is severely wounded.
The orc knight misses you.
Casting: Stone Arrow (safe; 1% risk of failure)
Confirm with . or Enter, or press ? or * to list all spells.
Aiming: Stone Arrow (safe; 1% risk of failure)
Press: ? - help, Shift-Dir - straight line, f/p - orc knight
Aim: an orc knight, wielding a +0 war axe and wearing a +0 scale mail (severely wounded, 67% to hit)
The stone arrow hits the orc knight!
The orc knight is almost dead.
The orc knight hits you with a +0 war axe!!
Ouch! That really hurt!
* * * LOW HITPOINT WARNING * * *
You feel much better. The orc knight completely misses you.
You open the door.
A gnoll, 2 orc warriors, 5 goblins and an orc come into view.
The orc knight hits you with a +0 war axe!
Ouch! That really hurt!
The gnoll shouts!
The goblin shouts!
The orc warrior shouts!
The hobgoblin shouts!
The orc warrior shouts!
You aren't carrying any scrolls.
It was a potion of lignification.
You turn into a tree.
Your roots penetrate the ground.
The hobgoblin shouts!
The orc shouts!
The orc knight hits you with a +0 war axe!
You die...

≈≈≈≈# ≈≈≈≈# ≈≈≈≈#
######### ##### ≈≈≈≈#
#...).o.#.g.gg+ ≈≈≈≈#
#.8.8.8♣ggoogo#
≈≈≈≈######...###########
≈≈≈≈≈.#......#
≈≈≈≈≈.#......#
≈≈≈≈≈.#''#####
≈≈≈≈≈.#.)...#
......')....#
......'..⌠..#
......')....#


You could see an orc knight, 2 orc warriors, a gnoll, an orc, 4 hobgoblins and a
goblin.

Vanquished Creatures
  A two-headed ogre (D:7)
  2 hornets (D:7)
  2 steam dragons (D:7)
  2 orc warriors (Bailey)
  2 necrophages
  2 hornet zombies
  2 ogres
  2 phantoms (D:4)
  A bullfrog (D:7)
  2 scorpions (D:6)
  A wyvern skeleton (D:7)
  8 killer bees
  A howler monkey (D:7)
  2 electric eels
  A bullfrog zombie (D:6)
  A centaur zombie (D:5)
  A bullfrog skeleton (D:6)
  2 hounds
  2 jellies
  A centaur skeleton (D:5)
  An iguana (D:6)
  An orc wizard (D:4)
  A hound skeleton (D:4)
  A howler monkey zombie (D:7)
  An adder (D:6)
  12 gnolls
  A shadow imp (D:6)
  5 dart slugs
  9 orcs
  3 ball pythons
  7 endoplasms
  4 giant cockroaches
  7 hobgoblins
  3 jackals (D:2)
  4 quokkas
  2 bats
  2 frilled lizards
  7 goblins
  4 kobolds
  4 rats
117 creatures vanquished.

Notes
Turn   | Place    | Note
-------+----------+-------------------------------------------
     0 | D:1      | hawla the Felid Earth Elementalist began the quest for the
                  | Orb.
     0 | D:1      | Reached XP level 1. HP: 7/7 MP: 4/4
   118 | D:1      | Found Soryumej's Weapon Boutique.
   315 | D:1      | Found a faded altar of an unknown god.
   406 | D:1      | Reached skill level 3 in Earth Magic
   607 | D:1      | Reached XP level 2. HP: 11/11 MP: 6/6
  1123 | D:2      | Found a broken altar of Ashenzari.
  1592 | D:2      | Reached XP level 3. HP: 14/14 MP: 5/7
  1596 | D:2      | Learned a level 3 spell: Stone Arrow
  2173 | D:3      | Found Qahim Cig's Magic Scroll Emporium.
  2183 | D:3      | Found a glowing silver altar of Zin.
  2184 | D:3      | Found Zin's Purification Station.
  2368 | D:3      | Found Foxzeq's Armour Shop.
  2429 | D:3      | Noticed Sigmund
  2586 | D:2      | Gained mutation: You are strong-willed. (Will+) [potion of
                  | mutation]
  2586 | D:2      | Gained mutation: You are partially covered in iridescent
                  | scales. (AC +2) [potion of mutation]
  2586 | D:2      | Gained mutation: You have a pair of small horns on your
                  | head. [potion of mutation]
  3370 | D:4      | Reached XP level 4. HP: 18/18 MP: 8/8
  3400 | D:4      | Noticed a phantom
  3411 | D:4      | Killed a phantom
  3412 | D:4      | Reached skill level 1 in Unarmed Combat
  3412 | D:4      | Reached skill level 1 in Conjurations
  3412 | D:4      | Reached skill level 4 in Earth Magic
  3412 | D:4      | Reached XP level 5. HP: 4/21 MP: 1/9
  4247 | D:4      | Noticed a phantom
  4248 | D:4      | Noticed an ogre
  4256 | D:4      | Reached skill level 5 in Earth Magic
  4304 | D:4      | Killed a phantom
  4305 | D:4      | Gained mutation: You are covered in thick fur. (AC +2)
                  | [Felid growth]
  4305 | D:4      | Reached XP level 6. HP: 19/24 MP: 4/10
  4820 | D:5      | Entered Level 5 of the Dungeon
  5030 | D:5      | Reached skill level 6 in Earth Magic
  5203 | D:5      | Reached XP level 7. HP: 22/27 MP: 2/11
  5491 | D:5      | Slain by a gnoll
  5492 | D:5      | Reached XP level 6. HP: -4/24 MP: 4/11
  5544 | D:4      | You fall into a shaft and drop 1 floor!
  5578 | D:5      | Found a runed translucent door.
  5580 | D:5      | Found a runed translucent door.
  5581 | D:5      | Noticed a vampire mosquito
  6214 | D:6      | Reached XP level 7. HP: 27/27 MP: 3/13
  6756 | D:6      | Found a hide-covered altar of Uskayaw.
  7133 | D:7      | Noticed a hornet
  7136 | D:7      | Killed a hornet
  7137 | D:7      | Reached skill level 7 in Earth Magic
  7153 | D:7      | Reached XP level 8. HP: 26/31 MP: 0/15
  7254 | D:7      | Noticed a two-headed ogre
  7303 | D:7      | Reached skill level 1 in Evocations
  7304 | D:7      | Killed a two-headed ogre
  7305 | D:7      | Reached skill level 5 in Spellcasting
  7429 | D:7      | Reached skill level 8 in Earth Magic
  7795 | D:7      | Found a staircase to the Ecumenical Temple.
  7806 | Temple   | Entered the Ecumenical Temple
  8196 | Temple   | Became a worshipper of Vehumet
  8431 | D:7      | Reached XP level 9. HP: 23/34 MP: 12/18
  9220 | D:7      | You fall into a shaft and drop 3 floors!
  9220 | D:10     | Entered Level 10 of the Dungeon
  9220 | D:10     | Noticed a gargoyle
  9229 | D:10     | HP: 1/34 [acid dragon/splash of acid (33)]
  9230 | D:10     | Shot with an arrow by a centaur
  9231 | D:10     | Reached XP level 8. HP: -4/31 MP: 18/18
  9246 | D:10     | Found a flagged portal.
  9256 | Bailey   | Entered a bailey
  9496 | Bailey   | Reached * piety under Vehumet
  9496 | Bailey   | Offered knowledge of Shock by Vehumet.
  9613 | Bailey   | Reached skill level 1 in Fighting
  9757 | Bailey   | Noticed an orc knight
  9801 | Bailey   | Slain by an orc knight

Illustrated notes

Levels and vault maps discovered:
D:1:      wander_arrival_estate, layout_basic, ebering_ecumenical_altar_mist,
          serial_shops, nicolae_shop_bloodbath_and_beyond, kennysheep_boxes
D:2:      layout_basic, basic_altar, kennysheep_another_room
D:3:      layout_rooms, zin_purify, serial_shops, shop,
          nicolae_shop_statue_plus, uniq_sigmund
D:4:      minmay_opposing_rooms, layout_layer_cave
D:5:      lemuel_insect_pit, layout_cave_pools
D:6:      layout_basic, mainiacjoe_overflow_boulevard
D:7:      minmay_the_grid_triangle_9x9_rhombus_full
          [minmay_the_grid_triangle_9x9_corrupted_corridor,
          minmay_the_grid_triangle_9x9_shrine,
          minmay_the_grid_triangle_9x9_steps,
          minmay_the_grid_triangle_9x9_sparse_checkered,
          minmay_the_grid_triangle_9x9_odd_lines,
          minmay_the_grid_triangle_9x9_warning,
          minmay_the_grid_triangle_9x9_empty,
          minmay_the_grid_triangle_9x9_prize_center], layout_gridville,
          minmay_temple_entry_drinking_statues, minivault_4
D:10:     layout_big_octagon, serial_shops, kennysheep_little_box,
          enter_bailey_2
Temple:   mainiacjoe_temple_cubbyholes
Bailey:   bailey_axe_of_yendor_kennysheep, bailey

Skill      XL: |  1  2  3  4  5  6  7  8  9 |
---------------+----------------------------+-----
Earth Magic    | 3 4 5 6 7 8 |  8.7
Dodging        | 3 4 |  4.5
Stealth        | 3 4 |  4.3
Unarmed Combat | 1 2 3 |  3.1
Conjurations   | 1 2 3 4 |  4.5
Spellcasting   | 3 4 5 6 |  6.8
Evocations     | 1 |  1.5
Fighting       | 1 |  1.1
Transmutations | |  1.1

Action                   |  1- 3 |  4- 6 |  7- 9 || total
-------------------------+-------+-------+-------++-------
Melee: Unarmed           |    38 |    24 |    25 ||    87
       Bite              |     2 |     3 |     5 ||    10
       Punch             |     1 |     1 |     1 ||     3
       Headbutt          |     4 |     5 |     8 ||    17
 Cast: Sandblast         |    41 |    38 |    40 ||   119
       Stone Arrow       |     4 |    23 |    65 ||    92
Evoke: Wand              |       |       |     3 ||     3
  Use: Scroll            |     6 |     4 |     4 ||    14
       Potion            |     1 |     3 |     4 ||     8
 Stab: Sleeping          |     7 |       |       ||     7
Armor: Skin              |     3 |     5 |     2 ||    10
Dodge: Dodged            |    38 |    45 |    53 ||   136
